 Dungeon Crawl Stone Soup version 0.22-a0-430-g6609fc6 (webtiles) character file.

2154 hyperquik the Fighter (level 9, -9/94 HPs)
             Began as an Ogre Chaos Knight on May 26, 2018.
             Mangled by a wyvern zombie (14 damage)
             ... on level 8 of the Dungeon.
             The game lasted 00:20:11 (8549 turns).

hyperquik the Fighter (Ogre Chaos Knight)           Turns: 8549, Time: 00:20:12

Health: -9/94      AC:  5    Str: 16    XL:     9   Next: 31%
Magic:  9/9        EV:  8    Int: 13    God:    Xom [..*...]
Gold:   18         SH: 14    Dex: 16    Spells: 8/8 levels left

rFire    + + .     SeeInvis .   a - +0 war axe
rCold    . . .     Gourm    .   u - +1 shield
rNeg     . . .     Faith    .   B - +2 robe
rPois    .         Spirit   .   (helmet restricted)
rElec    .         Reflect  .   (no cloak)
rCorr    .         Harm     .   (gloves unavailable)
MR       .....                  (boots unavailable)
Stlth    +.........             x - amulet of the acrobat
HPRegen  0.25/turn              F - ring of protection from fire
MPRegen  0.11/turn              I - +5 ring of dexterity

@: drained
A: large, unfitting armour, large bone plates 1, fire resistance 1, frail 1,
tough skin 1, weak 1, wild magic 1, MP-powered wands
a: Renounce Religion


You were on level 8 of the Dungeon.
You worshipped Xom.
You were a toy of Xom.
You were not hungry.

You visited 1 branch of the dungeon, and saw 8 of its levels.

You collected 597 gold pieces.
You spent 579 gold pieces at shops.

Inventory:

Hand Weapons
 a - a +0 war axe (weapon)
 b - a +0 hunting sling
 c - a +0 hand axe of chaos
 J - a +0 broad axe
Missiles
 f - 16 poisoned needles
 l - 85 sling bullets
 A - 18 tomahawks
 D - 4 large rocks {!d}
 K - 5 javelins
 Q - 145 stones (quivered)
Armour
 i - a +2 hat
 u - a +1 shield (worn)
 B - a +2 robe (worn)
Jewellery
 x - an amulet of the acrobat (around neck)
 C - an uncursed ring of resist corrosion
 F - a ring of protection from fire (left hand)
 I - a +5 ring of dexterity (right hand)
 L - a cursed amulet of rage {unknown}
Wands
 H - a wand of paralysis (8)
Scrolls
 k - 2 scrolls of enchant armour
 p - 2 scrolls of fear {unknown}
 r - a scroll of vulnerability {unknown}
 t - 6 scrolls of teleportation
 v - a scroll of magic mapping {!r}
 w - 3 scrolls of remove curse
 y - a scroll of enchant weapon {unknown}
 O - a scroll of immolation {unknown}
Potions
 d - a potion of might
 g - a potion of ambrosia {unknown}
 h - a potion of haste
 j - 3 potions of brilliance
 m - a potion of degeneration {unknown}
 n - a potion of resistance
 o - a potion of flight
 q - 2 potions of curing
 s - 3 potions of agility
 z - 2 potions of magic
 E - a potion of invisibility
 G - a potion of berserk rage {!q}
 M - 2 potions of cancellation
 N - a potion of lignification {!q}
 P - a potion of mutation {!q}
Comestibles
 e - 8 rations


   Skills:
 + Level 11.4(10.1) Fighting
 * Level 7.3(6.1) Axes
 - Level 2.1(1.1) Dodging
 + Level 4.8(3.6) Shields


You had 8 spell levels left.
You didn't know any spells.
Your spell library contained the following spells:

 Spells                   Type           Power        Failure   Level  Hunger
 Spider Form              Tmut/Pois      #.........   98%         3    ####...
 Blade Hands              Tmut           #.........   100%        5    ######.
 Ice Form                 Ice/Tmut       #.......     100%        4    #####..
 Sticks to Snakes         Tmut           #.......     87%         2    ###....
 Beastly Appendage        Tmut           #.....       75%         1    ##.....


Dungeon Overview and Level Annotations

Branches:
Dungeon (8/15)             Temple (0/1) D:6
   Lair: D:8-11

Altars:
Hepliaklqana
Makhleb
Nemelex Xobeh
Qazlal
Ru
Sif Muna
Uskayaw
Vehumet
Wu Jian
Xom
Zin

Shops:
D:6 !   D:7 [!


Innate Abilities, Weirdness & Mutations

You are too large for most types of armour.
You have tough skin. (AC +1)
You are partially covered in large bone plates. (SH +4)
Your flesh is heat resistant. (rF+)
You are frail. (-10% HP)
You are weak. (Str -2)
Your spells are a little harder to cast, but a little more powerful.
You expend magic power (3 MP) to strengthen your wands.


Message History

You hit the wight. The wight hits you with a falchion!
* * * LOW HITPOINT WARNING * * *
You take 7 damage, and have 22/94 hp.
You slash the wight!
You destroy the wight!
You slash the wight! The wight hits you with a long sword.
* * * LOW HITPOINT WARNING * * *
You take 1 damage, and have 21/94 hp.
You slash the wight!
You destroy the wight!
Items here: )))) [[[[ You hit the wyvern zombie.
The wyvern zombie bites you!
* * * LOW HITPOINT WARNING * * *
You take 12 damage, and have 9/94 hp.
You slash the wyvern zombie! The wyvern zombie barely misses you.
You block the wyvern zombie's attack.
You slash the wyvern zombie! The wyvern zombie bites you.
* * * LOW HITPOINT WARNING * * *
The wyvern zombie bites you!
You die...

.#####...#.....####,,*,,,,,,,****
........?............,,,,,,,,,,,,
.....##.####.....z..#*,,,,,,,****
..##Z...........#*..#*,*,,,,,*
..........##.##.##..#*,,,,,,,*
.............(......,,,,,,,,**
..#.....#.##..(.##.#*********
..#............Z##.#
..#..##.#.##....@..#
...≈.......###.##### .#≈≈≈......#
#.# .#≈≈≈......**#.#***
.#PP.[....,,,...,,*
.#.≈♣..,,,,,*#.#*,*
.#*,>..,,,,,*#.#*,*
.#*,,,,,,,,,*..#*,*
,**,*******,*,***,*


You could see a wyvern zombie.

Vault maps used:
D:1:      minmay_arrival_four_circles, minmay_lizard_pond
D:2:      grunt_temple_overflow_order_and_chaos_2, old_standard_altar,
          lemuel_old_faithful
D:3:      grunt_temple_overflow_open, first_ration, hex_tiny, minivault_25
D:4:      uniq_duvessa
D:5:      lemuel_ratsnest, regret_index_temple_of_mockery, lemuel_round_altar,
          overflow_temple_1_default, nicolae_qazlal_style_of_elements,
          vehumet_crystals, uniq_ijyb
D:6:      minmay_temple_entry_junction, serial_shops, nicolae_shop_trees
D:7:      serial_co_window_serial, co_window_paths_b, co_window_paths_b,
          co_window_of_opportunity_a, co_window_paths_a, co_window_cross_1,
          co_window_paths_b, co_window_paths_a, co_window_corner_b,
          co_window_corner_b, co_window_paths_c, co_window_paths_e,
          co_window_4corner_b, glass_columns_a, glass_columns_c, serial_shops,
          shop, shop, kennysheep_generic_room_4, uniq_prince_ribbit1
D:8:      nicolae_gozag_cash_rules_everything_around_me,
          nicolae_ossuary_entry_monument, roderic_st_hans_cross,
          blue_anna_alchemist, minmay_misc_feat_five, serial_bayou_pond_e,
          uniq_grum

Notes
Turn   | Place    | Note
-------+----------+-------------------------------------------
     0 | D:1      | hyperquik the Ogre Chaos Knight began the quest for the Orb.
     0 | D:1      | Reached XP level 1. HP: 24/24 MP: 1/1
    36 | D:1      | Identified a +0 hand axe of chaos
   104 | D:1      | XOM: divination: detect items
   118 | D:1      | XOM: harmless Fire miscast
   129 | D:1      | Reached XP level 2. HP: 33/33 MP: 2/2
   138 | D:1      | XOM: medium Hex miscast
   149 | D:1      | XOM: swap monsters
   165 | D:1      | Reached skill level 5 in Fighting
   300 | D:1      | XOM: noise
   316 | D:1      | Reached XP level 3. HP: 38/42 MP: 3/3
   727 | D:1      | XOM: god gift: scroll labeled GYKLUH GOMAX {god gift}
   959 | D:1      | XOM: give mutations
   959 | D:1      | Gained mutation: Your spells are a little harder to cast, but a little more powerful. [Xom's grace]
   959 | D:1      | Gained mutation: Your flesh is heat resistant. (rF+) [Xom's grace]
  1210 | D:2      | Found a burning altar of Makhleb.
  1210 | D:2      | Found a glowing silver altar of Zin.
  1210 | D:2      | Noticed a blizzard demon
  1210 | D:2      | Noticed an angel
  1287 | D:2      | Reached skill level 6 in Fighting
  1454 | D:2      | XOM: mild Tmut miscast
  1497 | D:2      | XOM: divination: detect creatures
  1581 | D:2      | XOM: give mutations
  1581 | D:2      | Gained mutation: You are partially covered in large bone plates. (SH +4) [Xom's mischief]
  1581 | D:2      | Gained mutation: You expend magic power (3 MP) to strengthen your wands. [Xom's mischief]
  1581 | D:2      | Gained mutation: You are frail. (-10% HP) [Xom's mischief]
  1614 | D:2      | Found a deep blue altar of Sif Muna.
  1861 | D:2      | Reached XP level 4. HP: 34/47 MP: 4/4
  1890 | D:2      | XOM: scenery: create altars
  2035 | D:2      | XOM: cloud trail
  2836 | D:3      | XOM: mild Erth miscast
  2936 | D:3      | Found a hide-covered altar of Uskayaw.
  2954 | D:3      | Identified a +0 shield (You found it on level 3 of the Dungeon)
  2964 | D:3      | Found a sparkling altar of Nemelex Xobeh.
  2973 | D:3      | Reached skill level 7 in Fighting
  3142 | D:3      | Reached XP level 5. HP: 53/55 MP: 5/5
  3216 | D:4      | Identified 3 scrolls of enchant armour
  3217 | D:4      | Identified 3 scrolls of teleportation
  3239 | D:4      | Identified 2 scrolls of identify
  3239 | D:4      | Identified 2 potions of magic
  3240 | D:4      | Identified 3 potions of agility
  3241 | D:4      | Identified 2 scrolls of noise
  3247 | D:4      | Noticed Duvessa
  3247 | D:4      | Noticed Dowan
  3247 | D:4      | XOM: summons 2 friendly demons
  3257 | D:4      | Killed Dowan
  3261 | D:4      | Killed Duvessa
  3261 | D:4      | Reached skill level 8 in Fighting
  3261 | D:4      | Reached XP level 6. HP: 21/66 MP: 6/6
  3526 | D:4      | Identified a potion of flight
  3539 | D:4      | XOM: cleaving
  3695 | D:4      | XOM: mild Tmut miscast
  3719 | D:4      | Reached skill level 9 in Fighting
  4171 | D:4      | Noticed Slunt's ghost (amateur OgCK)
  4182 | D:4      | XOM: scenery: 2 doors close
  4184 | D:4      | XOM: divination: detect creatures
  4196 | D:4      | XOM: cast spell 'Dispersal'
  4203 | D:4      | XOM: fake destruction
  4217 | D:4      | Killed Slunt's ghost
  4217 | D:4      | Reached skill level 2 in Shields
  4217 | D:4      | Reached XP level 7. HP: 43/75 MP: 7/7
  4583 | D:4      | XOM: god gift: 53 gold pieces
  4764 | D:4      | Identified a +0 war axe (You found it on level 4 of the Dungeon)
  4777 | D:4      | Identified a +2 robe
  4801 | D:5      | XOM: noise
  4801 | D:5      | Entered Level 5 of the Dungeon
  4801 | D:5      | Noticed Ijyb
  4830 | D:5      | Found an ornate altar of the Wu Jian Council.
  4839 | D:5      | Identified 2 scrolls of remove curse
  4840 | D:5      | Identified an amulet of the acrobat (You found it on level 3 of the Dungeon)
  4841 | D:5      | Identified a ring of protection from fire (You took it off a kobold on level 3 of the Dungeon)
  4842 | D:5      | Identified a +0 hunting sling (You found it on level 1 of the Dungeon)
  4872 | D:5      | Found a stormy altar of Qazlal.
  4890 | D:5      | Found a radiant altar of Vehumet.
  4987 | D:5      | Killed Ijyb
  4987 | D:5      | Reached skill level 10 in Fighting
  4989 | D:5      | HP: 17/76 [iguana (5)]
  4990 | D:5      | XOM: summons friendly crimson imp
  4994 | D:5      | HP: 18/76 [jackal (1)]
  4999 | D:5      | HP: 17/76 [jackal (2)]
  5348 | D:5      | Found a shimmering altar of Xom.
  5349 | D:5      | Found a hazy altar of Hepliaklqana.
  5350 | D:5      | Noticed a spectral ugly thing
  5462 | D:5      | Noticed an air elemental
  5462 | D:5      | Noticed a water elemental
  5462 | D:5      | Noticed a fire elemental
  5486 | D:5      | XOM: scenery: create altars
  5500 | D:5      | Reached skill level 4 in Axes
  5656 | D:5      | Reached XP level 8. HP: 39/83 MP: 8/8
  5659 | D:5      | XOM: enchant monster (good)
  5660 | D:5      | Reached skill level 3 in Shields
  5662 | D:5      | XOM: cleaving
  5911 | D:5      | XOM: harmless Tloc miscast
  6021 | D:5      | XOM: medium Pois miscast
  6245 | D:5      | Identified a ring of resist corrosion (You found it on level 5 of the Dungeon)
  6264 | D:5      | XOM: silly message
  6379 | D:5      | Found a sacrificial altar of Ru.
  6474 | D:6      | XOM: potion effect (haste)
  6524 | D:6      | Found a staircase to the Ecumenical Temple.
  6547 | D:6      | Reached skill level 5 in Axes
  6549 | D:6      | XOM: smoke on damage
  6557 | D:6      | XOM: potion effect (curing)
  6655 | D:6      | Found Unluj's Distillery.
  6663 | D:6      | Bought a potion of curing for 42 gold pieces
  6663 | D:6      | Bought a potion of invisibility for 112 gold pieces
  6663 | D:6      | Bought a potion of berserk rage for 70 gold pieces
  6663 | D:6      | Bought a potion of brilliance for 56 gold pieces
  6771 | D:6      | Identified a ring of dexterity (You found it on level 6 of the Dungeon)
  6847 | D:6      | XOM: potion effect (berserk rage)
  6888 | D:6      | Identified a +0 broad axe (You found it on level 6 of the Dungeon)
  6960 | D:6      | XOM: silly message
  7162 | D:7      | Noticed Prince Ribbit
  7171 | D:7      | Killed Prince Ribbit
  7171 | D:7      | Reached skill level 11 in Fighting
  7171 | D:7      | Reached skill level 6 in Axes
  7171 | D:7      | Reached skill level 4 in Shields
  7220 | D:7      | Reached XP level 9. HP: 76/94 MP: 6/9
  7226 | D:7      | Identified a potion of haste
  7374 | D:7      | XOM: summons 7 friendly demons
  7415 | D:7      | Found Ischanon's Distillery.
  7521 | D:7      | Found Hiabofy's Antique Armour Shoppe.
  7525 | D:7      | Bought a potion of lignification for 39 gold pieces
  7525 | D:7      | Bought a potion of might for 52 gold pieces
  7530 | D:7      | Identified a potion of mutation
  7534 | D:7      | XOM: cloud trail
  7879 | D:7      | XOM: cloud trail
  7900 | D:7      | XOM: enchant monster (bad)
  7909 | D:7      | Reached skill level 7 in Axes
  7942 | D:7      | XOM: give mutations
  7942 | D:7      | Gained mutation: You are weak. (Str -2) [Xom's mischief]
  7942 | D:7      | Gained mutation: Your body sometimes deteriorates upon taking damage. [Xom's mischief]
  7942 | D:7      | Lost mutation: Your body sometimes deteriorates upon taking damage. [Xom's mischief]
  8118 | D:7      | XOM: mild Chrm miscast
  8207 | D:7      | XOM is BORED!
  8207 | D:7      | XOM: noise
  8237 | D:7      | XOM: cast spell 'Summon Butterflies'
  8324 | D:7      | Identified a ring of slaying (You found it on level 7 of the Dungeon)
  8476 | D:7      | Bought 2 potions of cancellation for 208 gold pieces
  8489 | D:8      | Identified 2 scrolls of magic mapping
  8522 | D:8      | XOM: divination: detect creatures
  8536 | D:8      | XOM: silly message
  8542 | D:8      | HP: 22/94 [wight/falchion (7)]
  8547 | D:8      | HP: 9/94 [wyvern zombie (12)]
  8549 | D:8      | Mangled by a wyvern zombie

Table legend:
 A = Turns spent in this place as a percentage of turns spent in the entire game.
 B = Non-inter-level travel turns spent in this place as a percentage of non-inter-level travel turns spent in the entire game.
 C = Inter-level travel turns spent in this place as a percentage of turns spent in this place.
 D = Turns resting spent in this place as a percentage of non-inter-level travel turns spent in this place.
 E = Turns spent auto-exploring this place as a percentage of non-inter-level travel turns spent in this place.
 F = Non-inter-level travel turns spent in this place divided by the number of levels of this place that you've seen.
                   A       B       C       D       E      F
               +-------+-------+-------+-------+-------+----------------------
         Total | 100.0 | 100.0 |   6.1 |  28.5 |  52.1 | 1003.1
       Dungeon | 100.0 | 100.0 |   6.1 |  28.5 |  52.1 | 1003.1
               +-------+-------+-------+-------+-------+----------------------

Table legend:
 A = Kills in this place as a percentage of kills in entire the game.
 B = Kills by you in this place as a percentage of kills by you in the entire game.
 C = Kills by friends in this place as a percentage of kills by friends in the entire game.
 D = Other kills in this place as a percentage of other kills in the entire game.
 E = Experience gained in this place as a percentage of experience gained in the entire game.
 F = Experience gained in this place divided by the number of levels of this place that you have seen.
                   A       B       C       D       E      F
               +-------+-------+-------+-------+-------+----------------------
         Total | 100.0 | 100.0 | 100.0 |   N/A | 100.0 | 384.8
       Dungeon | 100.0 | 100.0 | 100.0 |   N/A | 100.0 | 384.8
               +-------+-------+-------+-------+-------+----------------------

Skill      XL: |  1  2  3  4  5  6  7  8  9 |
---------------+----------------------------+-----
Fighting       | 5 6 7 8 9 10 11 | 11.4
Shields        | 2 4 |  4.8
Axes           | 4 6 7 |  7.3
Dodging        | |  2.1

Action                   |  1- 3 |  4- 6 |  7- 9 || total
-------------------------+-------+-------+-------++-------
Melee: Hand axe          |   158 |   146 |    20 ||   324
       War axe           |       |       |   370 ||   370
Throw: Stone             |       |    14 |    55 ||    69
Evoke: Wand              |       |       |     5 ||     5
  Use: Scroll            |       |     6 |     5 ||    11
 Stab: Sleeping          |     1 |       |       ||     1
       Paralysed         |     1 |     6 |     3 ||    10
  Eat: Chunk             |     3 |     8 |    11 ||    22
       Ration            |       |       |     2 ||     2
Armor: Robe              |    71 |    51 |    74 ||   196
Dodge: Dodged            |    91 |    44 |    91 ||   226
Block: Other             |     5 |     7 |       ||    12
       Shield            |       |    46 |   259 ||   305

Vanquished Creatures
  Prince Ribbit (D:7)
  The ghost of Slunt the Skirmisher, an amateur OgCK of Xom (D:4)
  A hungry ghost (D:7)
  An ogre (D:6)
  A crocodile (D:6)
  A bullfrog (D:7)
  2 scorpions
  An electric eel (D:7)
  4 wights (D:8)
  2 crimson imps
  2 bullfrog zombies (D:7)
  4 hounds
  2 orc priests (D:6)
  5 orc wizards
  Ijyb (D:5)
  2 iguanas
  5 worker ants
  2 hound skeletons (D:5)
  A hound zombie (D:6)
  A worker ant zombie (D:5)
  7 river rats (D:5)
  14 adders
  2 worms (D:2)
  7 leopard geckos
  17 orcs
  2 ball pythons
  8 giant cockroaches
  3 goblins
  4 hobgoblins (D:1)
  13 jackals
  7 quokkas
  7 bats
  11 frilled lizards
  2 giant cockroach zombies
  A jackal skeleton (D:7)
  5 kobolds
  A leopard gecko zombie (D:5)
  18 rats
169 creatures vanquished.

Vanquished Creatures (collateral kills)
  Duvessa (D:4)
  Dowan (D:4)
2 creatures vanquished.

Vanquished Creatures (others)
  A frilled lizard (D:2)
1 creature vanquished.

Grand Total: 172 creatures vanquished
